 Dungeon Crawl Stone Soup version 0.29.1-2-gbd0b4ee654 (webtiles) character file.

Game seed: 15397450868829345002

18 Icepheonix32 the Insei (level 2, 0/27 HPs)
             Began as an Octopode Transmuter on Nov 20, 2022.
             Slain by a goblin
             ... wielding a +0 dagger
             ... led by Robin
              (1 damage)
             ... on level 2 of the Dungeon.
             The game lasted 00:01:13 (1282 turns).

Icepheonix32 the Insei (Octopode Transmuter)        Turns: 1282, Time: 00:01:13

Health: 0/27       AC: 21    Str:  9    XL:     2   Next: 66%
Magic:  5/5        EV:  2    Int: 15    God:
Gold:   82         SH:  0    Dex: 12    Spells: 4/5 levels left

rFire   . . .      SeeInvis .     - Unarmed
rCold   . . .      Faith    .   (no shield)
rNeg    . . .      Spirit   .   (helmet currently unavailable)
rPois   +          Reflect  .   (no amulet)
rElec   .          Harm     .   (no ring)
rCorr   .          Rampage  .   (no ring)
Will    .....      NoTele   +   (no ring)
Stlth   +.........              (no ring)
HPRegen 0.09/turn               (no ring)
MPRegen 0.09/turn               (no ring)
                                (no ring)
                                (no ring)

@: brilliant, lethally poisoned (0 -> -1), tree-form
A: stationary, stasis, torment immunity, boosted hp, almost no armour,
(amphibious), 8 rings, (camouflage 1), (gelatinous body 1), (nimble swimmer 1),
(tentacles)
a: no special abilities


You were on level 2 of the Dungeon.
You were a tree.
You visited 1 branch of the dungeon, and saw 2 of its levels.

You collected 82 gold pieces.

Inventory:

Scrolls
 c - a scroll of magic mapping {unknown}


   Skills:
 - Level 1.0 Fighting
 * Level 2.2 Dodging
 + Level 3.5 Unarmed Combat
 - Level 2.0 Spellcasting
 + Level 2.2 Transmutations


You had 4 spell levels left.
You knew the following spells:

 Your Spells              Type           Power      Damage    Failure   Level
a - Beastly Appendage     Tmut           24%        N/A       9%          1

Your spell library contained the following spells:

 Spells                   Type           Power      Damage    Failure   Level
 Wereblood                Tmut           12%        N/A       14%         2
 Spider Form              Tmut/Pois      7%         N/A       38%         3
 Ignite Poison            Fire/Tmut/Pois 5%         N/A       45%         3
 Mephitic Cloud           Conj/Pois/Air  2%         N/A       54%         3
 Ice Form                 Ice/Tmut       7%         N/A       80%         4
 Animate Dead             Necr           2%         N/A       91%         4
 Borgnjor's Vile Clutch   Necr/Erth      1%         N/A       99%         5
 Freezing Cloud           Conj/Ice/Air   1%         6-21      99%         5
 Death Channel            Necr           1%         N/A       100%        6


Dungeon Overview and Level Annotations

Branches:
Dungeon (2/15)

Altars:

Annotations:
D:2 Robin


Innate Abilities, Weirdness & Mutations

You are a tree.
Your roots penetrate the ground, keeping you stationary.
You cannot be teleported.
You are immune to unholy pain and torment.
Your maximum health is greatly increased.
You cannot wear most types of armour.
((You are amphibious.))
You can wear up to eight rings at the same time.
((Your skin changes colour to match your surroundings (Stealth+).))
((Your rubbery body absorbs attacks. (AC +1, EV +1)))
((You are camouflaged when in or above water. (Stealth+)))
((You have tentacles for arms and can constrict up to eight enemies at once.))


Message History

You feel sick.
The goblin hits you but does no damage. x2
The goblin hits you with a +0 club.
* * * LOW HITPOINT WARNING * * *
Unknown command.
You smack the goblin!
You kill the goblin!
* * * LOW HITPOINT WARNING * * *
You feel sick. The goblin hits you but does no damage.
Robin hits you but does no damage. The goblin hits you with a +0 dagger.
* * * LOW HITPOINT WARNING * * *
The goblin completely misses you.
It was a potion of brilliance.
You feel clever all of a sudden.
* * * LOW HITPOINT WARNING * * *
You feel sick. The goblin hits you but does no damage.
Robin throws the goblin at you!
The goblin hits you but does no damage. x2
It was a potion of magic.
Magic courses through your body.
* * * LOW HITPOINT WARNING * * *
You feel sick. The goblin hits you but does no damage. Robin barely misses you.
The goblin hits you but does no damage. x2; The goblin barely misses you.
Unknown command.
You completely miss the goblin.
* * * LOW HITPOINT WARNING * * *
You feel sick. The goblin hits you but does no damage.
Robin hits you but does no damage. The goblin barely misses you.
The goblin hits you but does no damage. x2
You hit the goblin.
You kill the goblin!
* * * LOW HITPOINT WARNING * * *
You feel sick.
The goblin no longer looks unusually strong.
Robin roars a battlecry!
The goblin goes into a battle-frenzy!
The goblin hits you but does no damage. x2
Unknown command.
You hit the goblin.
The goblin is severely wounded.
The goblin no longer looks unusually strong. x2
The goblin hits you but does no damage. The goblin hits you with a +0 dagger.
You die...

######## #########..
.......# ..:......S
.......# ..#.#.#.#.
.......# #.........
.......#########.#.#.#.#.
...#####.......)g........
...# #.#######♣#g#.#.#.
...# #.......ggg.......
...## #........g#.#.#.#.
....####.................
....................###..
....###.............# .
.....................
.....#...########.....
.....#...# ###....


You could see Robin and 5 goblins.

Vanquished Creatures
  5 goblins
  5 hobgoblins
  2 quokkas (D:1)
  2 ball pythons (D:1)
  A rat (D:1)
15 creatures vanquished.

Notes
Turn   | Place    | Note
-------+----------+-------------------------------------------
     0 | D:1      | Icepheonix32 the Octopode Transmuter began the quest for
                  | the Orb.
     0 | D:1      | Reached XP level 1. HP: 13/13 MP: 3/3
   417 | D:1      | Reached XP level 2. HP: 11/18 MP: 5/5
  1266 | D:2      | Noticed Robin
  1280 | D:2      | HP: 1/27 [poisoned by a goblin]
  1282 | D:2      | Slain by a goblin

Illustrated notes

Levels and vault maps discovered:
D:1:      dpeg_arrival_circle_labyrinth_c, layout_rooms
D:2:      layout_basic, serial_glass, glass_columns_c, glass_columns_a,
          uniq_robin

Action                   || total
-------------------------++-------
Melee: Unarmed           ||    32
       Constrict         ||     5
       Tentacles         ||     5
       Kick              ||     2
       Punch             ||     1
 Cast: Beastly Appendage ||     8
  Use: Potion            ||     3
Armor: Skin              ||    29
Dodge: Dodged            ||    15
